TOP OF THE 1ST |
St. Lucie Mets batting - Pitching for Fort Myers Miracle : LHP Kazuo Nishihara
|
Pitching: LHP Kazuo Nishihara
|
|
Batting: RHB Oscar Bravo
|
0-0: Ball 1-0: DOUBLE (Line Drive, 9LS, EV 90.6 MPH)
|
Batting: RHB Chris Artz
|
0-0: Ball Oscar Bravo is caught stealing 3rd base 2-5 1-0: Called Strike 1-1: SINGLE (Groundball, 5S, EV 66.2 MPH) (infield hit)
|
Batting: RHB Danny Runberg
|
0-0: Swinging Strike 0-1: Foul Ball, location: 2F 0-2: Ball 1-2: Strikes out swinging
|
Batting: SHB Alex Cavazos
|
0-0: Ball 1-0: Foul Ball, location: 2F 1-1: Ground out 6-3 (Groundball, 6S, EV 69.4 MPH)
|
Top of the 1st over - 0 runs, 2 hits, 0 errors, 1 left on base; St. Lucie 0 - Fort Myers 0 |
BOTTOM OF THE 1ST |
Fort Myers Miracle batting - Pitching for St. Lucie Mets : RHP Jean-Pierre Carpentier
|
Pitching: RHP Jean-Pierre Carpentier
|
|
Batting: RHB Jesse Scott
|
0-0: Ball 1-0: Swinging Strike 1-1: Swinging Strike 1-2: Hit by Pitch
|
Batting: RHB Mike Craver
|
0-0: Called Strike Jesse Scott steals 2nd base 0-1: Ball 1-1: Foul Ball, location: 2F 1-2: Fly out, F4 (Popup, 4M, EV 75.0 MPH)
|
Batting: RHB Manuel Juarez
|
0-0: Ball 1-0: Called Strike 1-1: Foul Ball, location: 2F 1-2: Foul Ball, location: 2F 1-2: Foul Ball, location: 2F 1-2: Ball 2-2: Ball 3-2: Foul Ball, location: 2F 3-2: Foul Ball, location: 2F 3-2: Base on Balls
|
Batting: SHB Dan Morataya
|
0-0: Called Strike 0-1: Ball 1-1: Fly out, F8 (Flyball, 8RM, EV 87.5 MPH)
|
Batting: SHB Ian Thompson
|
0-0: Ball 1-0: Ball 2-0: Ball 3-0: Foul Ball, location: 2F 3-1: Called Strike 3-2: Foul Ball, location: 2F 3-2: Base on Balls Jesse Scott to third Manuel Juarez to second
|
Batting: SHB Manny Molina
|
0-0: Fielders Choice at 2nd, 5-4 (Groundball, 56, EV 77.5 MPH)
|
Bottom of the 1st over - 0 runs, 0 hits, 0 errors, 3 left on base; St. Lucie 0 - Fort Myers 0 |
TOP OF THE 2ND |
St. Lucie Mets batting - Pitching for Fort Myers Miracle : LHP Kazuo Nishihara
|
Batting: SHB Masatoshi Akahoshi
|
0-0: Ball 1-0: Ground out 4-3 (Groundball, 4, EV 77.5 MPH)
|
Batting: RHB Mike Hanks
|
0-0: SINGLE (Groundball, 4, EV 95.6 MPH)
|
Batting: SHB Jerry Burrows
|
0-0: Called Strike 0-1: Grounds into double play, 6-4-3 (Groundball, 6, EV 98.1 MPH)
|
Top of the 2nd over - 0 runs, 1 hit, 0 errors, 0 left on base; St. Lucie 0 - Fort Myers 0 |
BOTTOM OF THE 2ND |
Fort Myers Miracle batting - Pitching for St. Lucie Mets : RHP Jean-Pierre Carpentier
|
Batting: LHB Marshall Daul
|
0-0: Ball 1-0: Ball 2-0: Swinging Strike 2-1: Ball 3-1: Base on Balls
|
Batting: SHB Matt Urbani
|
0-0: Ball 1-0: Ball 2-0: Ball 3-0: Base on Balls Marshall Daul to second
|
Batting: SHB Aaron Tatar
|
0-0: Called Strike 0-1: Ball 1-1: Swinging Strike 1-2: Ball 2-2: Fly out, F8 (Flyball, 8LD, EV 98.1 MPH)
|
Batting: RHB Jesse Scott
|
0-0: Called Strike Marshall Daul steals 3rd base (no throw) Matt Urbani to second 0-1: Ball 1-1: Ball 2-1: Foul Ball, location: 2F 2-2: Foul Ball, location: 2F 2-2: Ball 3-2: Ground out 6-3 (Groundball, 6, EV 86.2 MPH) Marshall Daul scores Matt Urbani to third
|
Batting: RHB Mike Craver
|
0-0: Fly out, F6 (Flyball, 56D, EV 92.5 MPH)
|
Bottom of the 2nd over - 1 run, 0 hits, 0 errors, 1 left on base; St. Lucie 0 - Fort Myers 1 |
TOP OF THE 3RD |
St. Lucie Mets batting - Pitching for Fort Myers Miracle : LHP Kazuo Nishihara
|
Batting: SHB Keith Casner
|
0-0: Called Strike 0-1: Ball 1-1: Swinging Strike 1-2: Ball 2-2: Foul Ball, location: 2F 2-2: Ground out 1-3 (Groundball, P, EV 64.4 MPH)
|
Batting: RHB Michael Youngberry
|
0-0: DOUBLE (Flyball, 89D, EV 112.5 MPH)
|
Batting: RHB Oscar Bravo
|
0-0: Ball 1-0: Called Strike Michael Youngberry steals 3rd base 1-1: Called Strike 1-2: DOUBLE (Line Drive, 9LM, EV 100.6 MPH) Michael Youngberry scores
|
Batting: RHB Chris Artz
|
0-0: Ball 1-0: Ground out 6-3 (Groundball, 6S, EV 70.0 MPH) Oscar Bravo to third
|
Batting: RHB Danny Runberg
|
0-0: Foul Ball, location: 2F 0-1: Ball 1-1: Swinging Strike 1-2: Foul Ball, location: 2F 1-2: Strikes out looking
|
Top of the 3rd over - 1 run, 2 hits, 0 errors, 1 left on base; St. Lucie 1 - Fort Myers 1 |
BOTTOM OF THE 3RD |
Fort Myers Miracle batting - Pitching for St. Lucie Mets : RHP Jean-Pierre Carpentier
|
Batting: RHB Manuel Juarez
|
0-0: Ball 1-0: Ball 2-0: Called Strike 2-1: Foul Ball, location: 2F 2-2: Strikes out swinging
|
Batting: SHB Dan Morataya
|
0-0: Called Strike 0-1: Ground out 5-3 (Groundball, 56, EV 85.0 MPH)
|
Batting: SHB Ian Thompson
|
0-0: Ball 1-0: Ball 2-0: Foul Ball, location: 2F 2-1: Foul Ball, location: 2F 2-2: Strikes out looking
|
Bottom of the 3rd over - 0 runs, 0 hits, 0 errors, 0 left on base; St. Lucie 1 - Fort Myers 1 |
TOP OF THE 4TH |
St. Lucie Mets batting - Pitching for Fort Myers Miracle : LHP Kazuo Nishihara
|
Batting: SHB Alex Cavazos
|
0-0: Ball 1-0: Foul Ball, location: 2F 1-1: Foul Ball, location: 2F 1-2: Foul Ball, location: 2F 1-2: Fly out, F8 (Flyball, 8RM, EV 83.8 MPH)
|
Batting: SHB Masatoshi Akahoshi
|
0-0: Called Strike 0-1: Ball 1-1: Ground out 6-3 (Groundball, 6, EV 86.9 MPH)
|
Batting: RHB Mike Hanks
|
0-0: Called Strike 0-1: Hit by Pitch
|
Batting: SHB Jerry Burrows
|
0-0: Foul Ball, location: 2F 0-1: DOUBLE (Groundball, 5L, EV 105.0 MPH) Mike Hanks to third Runner from 3rd tries for Home, SAFE, no throw by LF
|
Batting: SHB Keith Casner
|
0-0: Called Strike 0-1: Ball 1-1: Ground out 6-3 (Groundball, 6, EV 86.2 MPH)
|
Top of the 4th over - 1 run, 1 hit, 0 errors, 1 left on base; St. Lucie 2 - Fort Myers 1 |
BOTTOM OF THE 4TH |
Fort Myers Miracle batting - Pitching for St. Lucie Mets : RHP Jean-Pierre Carpentier
|
Batting: SHB Manny Molina
|
0-0: Ball 1-0: Ball 2-0: Called Strike 2-1: Called Strike 2-2: SOLO HOME RUN (Flyball, 7D, EV 98.1 MPH), Distance : 376 ft
|
Batting: LHB Marshall Daul
|
0-0: Ground out 6-3 (Groundball, 6, EV 76.9 MPH)
|
Batting: SHB Matt Urbani
|
0-0: Ball 1-0: Ball 2-0: Ball 3-0: Base on Balls
|
Batting: SHB Aaron Tatar
|
0-0: Foul Ball, location: 2F 0-1: Ball 1-1: Called Strike 1-2: TRIPLE (Flyball, 78XD, EV 100.0 MPH) Matt Urbani scores
|
Batting: RHB Jesse Scott
|
0-0: Called Strike 0-1: Fly out, F7 (Flyball, 7S, EV 86.9 MPH)
|
Batting: RHB Mike Craver
|
0-0: DOUBLE (Groundball, 5L, EV 98.1 MPH) Aaron Tatar scores
|
Batting: RHB Manuel Juarez
|
0-0: Ball 1-0: Ball 2-0: Ball 3-0: Called Strike 3-1: Foul Ball, location: 2F 3-2: Base on Balls
|
Pitching: RHP Jose Lara
|
|
Batting: SHB Dan Morataya
|
0-0: Called Strike 0-1: Ball 1-1: Called Strike 1-2: SINGLE (Groundball, 4D, EV 103.1 MPH) Mike Craver to third Manuel Juarez to second Runner from 3rd tries for Home, throw by CF and OUT! 8-2
|
Bottom of the 4th over - 3 runs, 4 hits, 0 errors, 2 left on base; St. Lucie 2 - Fort Myers 4 |
TOP OF THE 5TH |
St. Lucie Mets batting - Pitching for Fort Myers Miracle : LHP Kazuo Nishihara
|
Batting: RHB Michael Youngberry
|
0-0: Ball 1-0: Foul Ball, location: 2F 1-1: Ground out 1-3 (Groundball, 34S, EV 63.1 MPH)
|
Batting: RHB Oscar Bravo
|
0-0: Ball 1-0: Called Strike 1-1: Ball 2-1: Ball 3-1: Bunt missed! 3-2: SINGLE (Groundball, 34D, EV 95.0 MPH)
|
Batting: RHB Chris Artz
|
0-0: Ball Oscar Bravo is caught stealing 2nd base 2-4 1-0: Called Strike 1-1: Ground out 5-3 (Groundball, 56S, EV 80.6 MPH)
|
Top of the 5th over - 0 runs, 1 hit, 0 errors, 0 left on base; St. Lucie 2 - Fort Myers 4 |
BOTTOM OF THE 5TH |
Fort Myers Miracle batting - Pitching for St. Lucie Mets : RHP Jose Lara
|
Batting: SHB Ian Thompson
|
0-0: Ball 1-0: Foul Ball, location: 2F 1-1: Swinging Strike 1-2: Foul Ball, location: 2F 1-2: Strikes out swinging
|
Batting: SHB Manny Molina
|
0-0: Ball 1-0: Ground out U3 (Groundball, 3, EV 95.0 MPH)
|
Batting: LHB Marshall Daul
|
0-0: Called Strike 0-1: Ball 1-1: Foul Ball, location: 2F 1-2: Ball 2-2: Ball 3-2: DOUBLE (Groundball, 5L, EV 101.9 MPH)
|
Batting: SHB Matt Urbani
|
0-0: Swinging Strike 0-1: Ball 1-1: Ball Marshall Daul is caught stealing 3rd base 2-5
|
Bottom of the 5th over - 0 runs, 1 hit, 0 errors, 0 left on base; St. Lucie 2 - Fort Myers 4 |
TOP OF THE 6TH |
St. Lucie Mets batting - Pitching for Fort Myers Miracle : LHP Kazuo Nishihara
|
Batting: RHB Danny Runberg
|
0-0: Hit by Pitch
|
Batting: SHB Alex Cavazos
|
0-0: Called Strike 0-1: Called Strike 0-2: Ball 1-2: Strikes out looking
|
Batting: SHB Masatoshi Akahoshi
|
0-0: Swinging Strike 0-1: Ball 1-1: Foul Ball, location: 2F 1-2: Foul Ball, location: 2F 1-2: Ball 2-2: Ball 3-2: Strikes out looking
|
Batting: RHB Mike Hanks
|
0-0: Called Strike 0-1: Swinging Strike 0-2: Foul Ball, location: 2F 0-2: Strikes out looking
|
Top of the 6th over - 0 runs, 0 hits, 0 errors, 1 left on base; St. Lucie 2 - Fort Myers 4 |
BOTTOM OF THE 6TH |
Fort Myers Miracle batting - Pitching for St. Lucie Mets : RHP Jose Lara
|
Batting: SHB Matt Urbani
|
0-0: Called Strike 0-1: Called Strike 0-2: Ball 1-2: Ball 2-2: Ball 3-2: Strikes out swinging
|
Batting: SHB Aaron Tatar
|
0-0: DOUBLE (Flyball, 78XD, EV 105.0 MPH)
|
Batting: RHB Jesse Scott
|
0-0: Called Strike 0-1: Called Strike 0-2: Strikes out swinging
|
Batting: RHB Mike Craver
|
0-0: Called Strike 0-1: SINGLE (Groundball, 4MS, EV 64.4 MPH) (infield hit) Aaron Tatar to third
|
Batting: RHB Manuel Juarez
|
0-0: Called Strike 0-1: Fly out, F9 (Flyball, 9D, EV 93.8 MPH)
|
Bottom of the 6th over - 0 runs, 2 hits, 0 errors, 2 left on base; St. Lucie 2 - Fort Myers 4 |
TOP OF THE 7TH |
St. Lucie Mets batting - Pitching for Fort Myers Miracle : LHP Kazuo Nishihara
|
Batting: SHB Jerry Burrows
|
0-0: Called Strike 0-1: Foul Ball, location: 2F 0-2: Ball 1-2: Strikes out swinging
|
Batting: SHB Keith Casner
|
0-0: Called Strike 0-1: Ball 1-1: Ground out 6-3 (Groundball, 56, EV 91.9 MPH)
|
Batting: RHB Michael Youngberry
|
0-0: DOUBLE (Line Drive, 3D, EV 94.4 MPH)
|
Batting: RHB Oscar Bravo
|
0-0: Ball Wild Pitch! Michael Youngberry to third 1-0: Swinging Strike 1-1: Called Strike 1-2: Ball 2-2: SINGLE (Line Drive, 34D, EV 96.9 MPH) Michael Youngberry scores
|
Batting: RHB Chris Artz
|
0-0: Ball 1-0: Called Strike 1-1: Ball 2-1: Called Strike 2-2: Ball 3-2: SINGLE (Groundball, 34D, EV 98.1 MPH) Oscar Bravo to second Oscar Bravo to third
|
Batting: RHB Danny Runberg
|
0-0: Foul Ball, location: 2F 0-1: Swinging Strike 0-2: Ball 1-2: Foul Ball, location: 2F 1-2: Strikes out swinging
|
Top of the 7th over - 1 run, 3 hits, 0 errors, 2 left on base; St. Lucie 3 - Fort Myers 4 |
BOTTOM OF THE 7TH |
Fort Myers Miracle batting - Pitching for St. Lucie Mets : RHP Jose Lara
|
Pitching: RHP Ryan Wilson
|
|
Batting: SHB Dan Morataya
|
0-0: Called Strike 0-1: Ball 1-1: Called Strike 1-2: Strikes out swinging
|
Batting: SHB Ian Thompson
|
0-0: Foul Ball, location: 2F 0-1: Foul Ball, location: 2F 0-2: Ball 1-2: Ball 2-2: Fly out, F8 (Line Drive, 8RD, EV 84.4 MPH)
|
Batting: SHB Manny Molina
|
0-0: Foul Ball, location: 2F 0-1: Swinging Strike 0-2: Ball 1-2: Ball 2-2: Ball 3-2: Hit by Pitch
|
Batting: LHB Marshall Daul
|
0-0: Ball 1-0: Called Strike 1-1: Swinging Strike 1-2: Strikes out swinging, 2-3 out at first.
|
Bottom of the 7th over - 0 runs, 0 hits, 0 errors, 1 left on base; St. Lucie 3 - Fort Myers 4 |
TOP OF THE 8TH |
St. Lucie Mets batting - Pitching for Fort Myers Miracle : LHP Kazuo Nishihara
|
Pitching: RHP Orlando Guapo
|
|
Batting: SHB Alex Cavazos
|
0-0: SINGLE (Groundball, 5D, EV 99.4 MPH)
|
Batting: SHB Masatoshi Akahoshi
|
0-0: Ball 1-0: Called Strike 1-1: Swinging Strike 1-2: Foul Ball, location: 2F 1-2: Strikes out swinging
|
Batting: RHB Mike Hanks
|
0-0: Ball 1-0: Grounds into double play, 4-6-3 (Groundball, 4S, EV 91.2 MPH)
|
Top of the 8th over - 0 runs, 1 hit, 0 errors, 0 left on base; St. Lucie 3 - Fort Myers 4 |
BOTTOM OF THE 8TH |
Fort Myers Miracle batting - Pitching for St. Lucie Mets : RHP Ryan Wilson
|
Pitching: RHP Jason Horvath
|
|
Batting: SHB Matt Urbani
|
0-0: Called Strike 0-1: Ball 1-1: Ground out 4-3 (Groundball, 4, EV 80.6 MPH)
|
Batting: SHB Aaron Tatar
|
0-0: Ball 1-0: Ball 2-0: Ball 3-0: Called Strike 3-1: Ground out 4-3 (Groundball, 4S, EV 82.5 MPH)
|
Batting: RHB Jesse Scott
|
0-0: Foul Ball, location: 2F 0-1: Called Strike 0-2: Strikes out swinging
|
Bottom of the 8th over - 0 runs, 0 hits, 0 errors, 0 left on base; St. Lucie 3 - Fort Myers 4 |
TOP OF THE 9TH |
St. Lucie Mets batting - Pitching for Fort Myers Miracle : RHP Orlando Guapo
|
Pitching: RHP Matt Lundy
|
|
Batting: SHB Jerry Burrows
|
0-0: Ball 1-0: Ball 2-0: Called Strike 2-1: Called Strike 2-2: Foul Ball, location: 2F 2-2: Strikes out swinging
|
Batting: SHB Keith Casner
|
0-0: Foul Ball, location: 2F 0-1: Fly out, F9 (Line Drive, 89M, EV 103.8 MPH)
|
Pinch Hitting: RHB Jim Freels
|
0-0: Called Strike 0-1: Ball 1-1: Foul Ball, location: 2F 1-2: Foul Ball, location: 2F 1-2: Strikes out swinging
|
Top of the 9th over - 0 runs, 0 hits, 0 errors, 0 left on base; St. Lucie 3 - Fort Myers 4 |
|